 Dungeon Crawl Stone Soup version 0.20.1-1-g8b1a95d (webtiles) character file.

28634 vatarom the Slicer (level 13, -32/71 HPs)
             Began as a Vine Stalker Assassin on Sept 14, 2017.
             Was a Believer of Uskayaw.
             Annihilated by Rupert
             ... wielding a +1 battleaxe of flaming
              (36 damage)
             ... while paralysed by Rupert
             ... on level 3 of the Lair of Beasts.
             The game lasted 00:31:30 (11675 turns).

vatarom the Slicer (Vine Stalker Assassin)         Turns: 11675, Time: 00:31:31

Health: -32/71     AC:  9    Str: 14 (16) XL:     13   Next: 40%
Magic:  0/19       EV:  2    Int: 10 (11) God:    Uskayaw [**....]
Gold:   532        SH:  0    Dex: 23 (24) Spells: 9/12 levels left

rFire    . . .     SeeInvis .   r - +2 dagger (venom)
rCold    . . .     Gourm    .   x - +0 buckler
rNeg     . . .     Faith    .   F - +0 troll leather armour
rPois    .         Spirit   +   t - +0 hat
rElec    .         Reflect  .   d - +0 cloak
rCorr    .         Harm     .   f - +1 pair of gloves
MR       +....                  B - +0 pair of boots
Stlth    +++++.....             L - amulet of regeneration
Regen    1.9/turn               s - ring of stealth
MPRegen  0.2/turn               w - +5 ring of dexterity

@: paralysed
A: fangs 3, camouflage 1, deterioration 1, regeneration 2, magic shield,
antimagic bite, no potion heal 3, rot immunity
a: Stomp, Line Pass, Renounce Religion


You were on level 3 of the Lair of Beasts.
You worshipped Uskayaw.
Uskayaw was noncommittal.
You were not hungry.

You visited 3 branches of the dungeon, and saw 16 of its levels.

You collected 757 gold pieces.
You spent 225 gold pieces at shops.

Inventory:

Hand Weapons
 b - a +1 blowgun
 r - a +2 dagger of venom (weapon)
Missiles
 e - 50 poisoned needles
 O - a curare-tipped needle
 P - 7 needles of sleeping
Armour
 d - a +0 cloak (worn)
 f - a +1 pair of gloves (worn)
 t - a +0 hat (worn)
 x - a +0 buckler (worn)
 B - a +0 pair of boots (worn)
 F - a +0 troll leather armour (worn)
Magical Staves
 G - an uncursed staff of conjuration
Jewellery
 s - a ring of stealth (left hand)
 w - a +5 ring of dexterity (right hand)
 L - an amulet of regeneration (around neck)
 Q - a +6 amulet of reflection
Wands
 u - a wand of confusion (7/48)
 v - a wand of enslavement (14/24)
 A - a wand of acid (6/15)
 C - a wand of enslavement (2/24)
 E - a wand of paralysis (11/24)
 I - a wand of paralysis (0/24)
 M - a wand of scattershot (2/9)
 R - a wand of lightning (5/15)
Scrolls
 a - 2 scrolls of magic mapping
 i - 6 scrolls of recharging
 j - 6 scrolls of amnesia
 l - 5 scrolls of teleportation
 o - 6 scrolls of remove curse
 y - 2 scrolls of enchant armour
 D - 3 scrolls of identify
 S - a scroll of enchant weapon
 T - 2 scrolls of fear
Potions
 k - a potion of resistance
 n - 5 potions of brilliance
 q - 5 potions of curing
 H - a potion of flight
 N - 2 potions of lignification
Books
 c - a book of Callings

   Spells                             Type                      Level
   a - Summon Small Mammal            Summoning                    1
   b - Call Imp                       Summoning                    2
   c - Call Canine Familiar           Summoning                    3
   d - Summon Guardian Golem          Hexes/Summoning              3
   e - Summon Lightning Spire         Summoning/Air                4
   f - Summon Ice Beast               Ice/Summoning                4
 K - a book of Maledictions

   Spells                             Type                      Level
   a - Corona                         Hexes                        1
   b - Ensorcelled Hibernation        Hexes/Ice                    2
   c - Confuse                        Hexes                        3
   d - Tukima's Dance                 Hexes                        3
   e - Dazzling Spray                 Conjuration/Hexes            3
Miscellaneous
 J - a phantom mirror
Comestibles
 g - 11 bread rations
 h - 6 royal jellies
 m - 2 meat rations
 p - 7 fruits
 z - 26 chunks of flesh


   Skills:
 + Level 9.7 Fighting
 * Level 12.9 Short Blades
 - Level 1.7 Throwing
 - Level 5.4 Armour
 + Level 6.1 Dodging
 - Level 4.8 Stealth
 - Level 4.4 Shields
 + Level 4.7 Hexes
 - Level 7.1 Invocations


You had 9 spell levels left.
You knew the following spells:

 Your Spells              Type           Power        Failure   Level  Hunger
a - Confuse               Hex            #.......     21%         3    ####...


Dungeon Overview and Level Annotations

Branches:
Dungeon (12/15)            Temple (1/1) D:6            Lair (3/6) D:9
  Snake (0/4) Lair:2          Orc (0/2) D:10
  Swamp: Lair:2-4    Shoals: Lair:2-4

Altars:
Ashenzari
Cheibriados
Dithmenos
Elyvilon
Fedhas
Gozag
Hepliaklqana
Kikubaaqudgha
Makhleb
Nemelex Xobeh
Okawaru
Qazlal
Ru
Sif Muna
Trog
Uskayaw
Vehumet
Xom
Yredelemnul
Zin
The Shining One

Shops:
D:5 ?%   D:9 [   D:10 *

Annotations:
D:3 vineage's ghost, novice GrFi
Lair:3 exclusion: 2 oklob plants, Rupert


Innate Abilities, Weirdness & Mutations

You have razor-sharp teeth.
You heal very quickly.
When hurt, damage is shared between your health and your magic reserves.
Your bite disrupts and absorbs the magic of your enemies.
Potions cannot restore your health.
You are immune to rotting.
Your skin changes colour to match your surroundings (Stealth+).
Your body sometimes deteriorates upon taking damage.


Message History

You drain its power.
You feel invigorated.
You kill the yak!
Rupert roars wildly at you.
You suddenly lose the ability to move!
Rupert roars madly and goes into a rage!
Rupert goes berserk!
You hear a bellow! x2
Rupert hits you with a battleaxe of flaming!
Rupert burns you.
Rupert hits you with a battleaxe of flaming!!
Your body deteriorates!
You feel clumsy. Rupert burns you! The yak gores you!
Rupert hits you with a battleaxe of flaming!!
* * * LOW HITPOINT WARNING * * *
Rupert burns you.
* * * LOW HITPOINT WARNING * * *
The yak gores you but does no damage.
Rupert hits you with a battleaxe of flaming!!!
Ouch! That really hurt!
You die...

###### ## ##
.#..P..#####P##P..
...................
....................
..S...Y..............
#YS...........#
##@Y...........
#@Y..........# ....!....
#............# ..........
#.............
..........###............#
............##............#
............P##P............
..............#P............#
.............###(............
.............###...........!#


You could see Rupert (berserk), 4 yaks and a water moccasin.

Vanquished Creatures
  Gastronok (D:11)
  The ghost of ThereIsNoGod the Carver, a journeyman DgAr (Lair:2)
  5 hydras
  Erica (D:10)
  2 two-headed ogres (D:8)
  3 death yaks (D:9)
  2 unseen horrors
  A manticore (D:12)
  2 ugly things
  5 elephants
  3 black mambas
  7 spiny frogs
  4 trolls
  5 hippogriffs
  Sigmund (D:4)
  A wyvern (Lair:2)
  2 basilisks (Lair:2)
  19 yaks
  A hungry ghost (D:8)
  A warg (D:10)
  5 water moccasins
  4 porcupines
  An orc warrior (D:10)
  A black bear (D:11)
  4 ice beasts
  4 sky beasts
  8 ogres
  A phantom (D:4)
  3 centaurs
  10 crocodiles
  A big kobold (D:11)
  15 bullfrogs
  A scorpion (D:4)
  A wyvern skeleton (D:7)
  15 killer bees
  A howler monkey (D:5)
  4 crimson imps
  3 centaur skeletons
  9 hounds
  4 jellies
  2 orc priests
  A bullfrog zombie (D:7)
  8 orc wizards
  A centaur zombie (D:11)
  A bullfrog skeleton (D:5)
  Terence (D:2)
  An iguana (D:4)
  4 worker ants
  A hound zombie (D:6)
  A hound skeleton (D:4)
  A worker ant zombie (D:10)
  7 gnolls
  12 adders
  2 shadow imps
  3 oozes
  2 adder skeletons
  3 worms
  4 dart slugs
  6 leopard geckos
  27 orcs
  4 bats
  8 giant cockroaches
  5 goblins
  12 hobgoblins
  8 jackals (D:3)
  5 quokkas
  A ball python (D:4)
  4 frilled lizards
  A jackal zombie (D:5)
  10 kobolds
  2 leopard gecko zombies
  2 quokka skeletons
  A quokka zombie (D:8)
  7 rats
320 creatures vanquished.

Vanquished Creatures (others)
  6 fungi (Lair:2)
6 creatures vanquished.

Grand Total: 326 creatures vanquished

Notes
Turn   | Place    | Note
-------+----------+-------------------------------------------
     0 | D:1      | vatarom the Vine Stalker Assassin began the quest for the Orb.
     0 | D:1      | Reached XP level 1. HP: 11/11 MP: 2/2
     6 | D:1      | Noticed an iguana
     6 | D:1      | Noticed a rime drake
     6 | D:1      | Noticed a salamander
    57 | D:1      | Reached skill level 1 in Dodging
   104 | D:1      | Reached skill level 2 in Short Blades
   116 | D:1      | Reached XP level 2. HP: 15/15 MP: 3/3
   442 | D:1      | Reached XP level 3. HP: 17/18 MP: 4/4
   661 | D:2      | Noticed Terence
   686 | D:2      | Killed Terence
   901 | D:2      | Gained mutation: Your natural rate of healing is unusually fast. [Vine Stalker growth]
   901 | D:2      | Reached XP level 4. HP: 23/23 MP: 5/5
  1535 | D:2      | Reached skill level 3 in Short Blades
  1735 | D:3      | Noticed vineage's ghost (novice GrFi)
  1762 | D:3      | Reached XP level 5. HP: 27/27 MP: 6/6
  2553 | D:4      | Noticed a phantom
  2609 | D:4      | Killed a phantom
  2609 | D:4      | Reached skill level 4 in Short Blades
  2609 | D:4      | Reached XP level 6. HP: 8/32 MP: 7/7
  3020 | D:4      | Reached XP level 7. HP: 15/36 MP: 8/8
  3045 | D:4      | HP: 1/37 [poisoned by an orc wizard]
  3051 | D:4      | HP: 1/37 [poisoned by an orc wizard]
  3374 | D:4      | Got an encrusted trident
  3375 | D:4      | Identified the cursed +3 trident of Umeyskul {pierce, rPois} (You found it on level 4 of the Dungeon)
  3427 | D:4      | Noticed Sigmund
  3438 | D:4      | Killed Sigmund
  3438 | D:4      | Reached skill level 5 in Short Blades
  3782 | D:4      | Gained mutation: You have razor-sharp teeth. [Vine Stalker growth]
  3782 | D:4      | Reached XP level 8. HP: 42/42 MP: 9/9
  3993 | D:5      | Entered Level 5 of the Dungeon
  3993 | D:5      | Found Adiguick's Magic Scroll Shop.
  4078 | D:5      | Reached skill level 6 in Short Blades
  4122 | D:5      | Found a shimmering altar of Xom.
  4443 | D:5      | Found Goaxu's Food Shop.
  4458 | D:5      | Reached skill level 5 in Fighting
  4458 | D:5      | Reached skill level 1 in Shields
  4854 | D:6      | Reached skill level 7 in Short Blades
  4859 | D:6      | Gained mutation: Your body sometimes deteriorates upon taking damage. [potion of mutation]
  4859 | D:6      | Gained mutation: Your body often deteriorates upon taking damage. [potion of mutation]
  4859 | D:6      | Lost mutation: Your body often deteriorates upon taking damage. [potion of mutation]
  4859 | D:6      | Gained mutation: Your skin changes colour to match your surroundings (Stealth+). [potion of mutation]
  4897 | D:6      | Reached XP level 9. HP: 47/47 MP: 10/10
  5071 | D:6      | Found a basalt altar of Yredelemnul.
  5329 | D:6      | Found a staircase to the Ecumenical Temple.
  5400 | Temple   | Entered the Ecumenical Temple
  5412 | Temple   | Became a worshipper of Uskayaw the Reveler
  5630 | D:7      | Reached * piety under Uskayaw
  5770 | D:7      | Reached ** piety under Uskayaw
  5835 | D:7      | Reached *** piety under Uskayaw
  5851 | D:7      | Reached **** piety under Uskayaw
  6045 | D:7      | Reached skill level 1 in Invocations
  6069 | D:7      | Reached skill level 8 in Short Blades
  6350 | D:8      | Reached skill level 1 in Armour
  6426 | D:8      | Reached XP level 10. HP: 53/53 MP: 13/13
  6487 | D:8      | Found an iron altar of Okawaru.
  6535 | D:8      | Reached ***** piety under Uskayaw
  6703 | D:8      | Noticed a two-headed ogre
  6715 | D:8      | Killed a two-headed ogre
  6772 | D:8      | Noticed a two-headed ogre
  6798 | D:8      | Killed a two-headed ogre
  6798 | D:8      | Reached skill level 9 in Short Blades
  6877 | D:9      | Found Sedidet's Armour Shop.
  6883 | D:9      | Bought a +0 troll leather armour for 225 gold pieces
  6967 | D:9      | Noticed a death yak
  6977 | D:9      | Found a staircase to the Lair.
  6979 | D:9      | Noticed a death yak
  6984 | D:9      | Noticed a death yak
  7016 | D:9      | Killed a death yak
  7028 | D:9      | Killed a death yak
  7031 | D:9      | Reached skill level 5 in Invocations
  7031 | D:9      | Reached XP level 11. HP: 17/58 MP: 15/15
  7034 | D:9      | Killed a death yak
  7034 | D:9      | Reached skill level 10 in Short Blades
  7145 | D:9      | Found a glowing silver altar of Zin.
  7443 | D:9      | Killed an unseen horror
  7588 | D:10     | Entered Level 10 of the Dungeon
  7695 | D:10     | Found a staircase to the Orcish Mines.
  7773 | D:10     | Got a brightly glowing war axe
  7774 | D:10     | Identified the +4 war axe of Zinei {pain, rN+ MR+} (You found it on level 10 of the Dungeon)
  7786 | D:10     | Found Fucacok's General Store.
  7798 | D:10     | Noticed Erica
  7808 | D:10     | Killed Erica
  8509 | D:11     | Learned a level 3 spell: Confuse
  8554 | D:11     | Noticed a brown ugly thing
  8558 | D:11     | Killed a brown ugly thing
  8780 | D:11     | Killed an unseen horror
  8780 | D:11     | Reached skill level 11 in Short Blades
  8780 | D:11     | Reached skill level 5 in Armour
  8823 | D:11     | Noticed Gastronok
  8844 | D:11     | HP: 3/60 [Gastronok (12)]
  9275 | D:11     | Killed Gastronok
  9275 | D:11     | Gained mutation: You heal very quickly. [Vine Stalker growth]
  9275 | D:11     | Reached XP level 12. HP: 65/65 MP: 18/18
  9426 | D:12     | Found a snail-covered altar of Cheibriados.
  9636 | Lair:1   | Entered Level 1 of the Lair of Beasts
  9663 | Lair:1   | Reached skill level 1 in Hexes
 10250 | Lair:2   | Noticed an eight-headed hydra
 10263 | Lair:2   | Killed an eight-headed hydra
 10361 | Lair:2   | Reached skill level 12 in Short Blades
 10361 | Lair:2   | Reached skill level 5 in Dodging
 10466 | Lair:2   | Noticed ThereIsNoGod's ghost (journeyman DgAr)
 10512 | Lair:2   | Killed ThereIsNoGod's ghost
 10557 | Lair:2   | Found a staircase to the Snake Pit.
 10743 | Lair:2   | Noticed a five-headed hydra
 10749 | Lair:2   | Killed a five-headed hydra
 10749 | Lair:2   | Reached XP level 13. HP: 70/70 MP: 19/19
 11664 | Lair:3   | Noticed Rupert
 11669 | Lair:3   | Paralysed by Rupert for 6 turns
 11675 | Lair:3   | Annihilated by Rupert

Skill      XL: |  1  2  3  4  5  6  7  8  9 10 11 12 13 |
---------------+----------------------------------------+-----
Dodging        | 1 2 3 4 5 6 |  6.1
Short Blades   | 2 3 4 5 7 8 9 11 12 | 12.9
Fighting       | 2 3 4 5 6 7 8 9 |  9.7
Shields        | 2 4 |  4.4
Invocations    | 3 5 7 |  7.1
Armour         | 1 3 5 |  5.4
Hexes          | 3 4 |  4.7
Throwing       | |  1.7
Stealth        | |  4.8

Action                   |  1- 3 |  4- 6 |  7- 9 | 10-12 | 13-15 || total
-------------------------+-------+-------+-------+-------+-------++-------
Melee: Dagger            |    52 |   223 |   280 |   645 |   116 ||  1316
       Bite              |    10 |    82 |   104 |   298 |    64 ||   558
 Fire: Blowgun           |     3 |     3 |     5 |     8 |       ||    19
 Cast: Confuse           |       |       |       |     1 |       ||     1
Invok: Stomp             |       |       |     1 |       |       ||     1
       Line Pass         |       |       |       |     3 |     1 ||     4
Evoke: Wand              |       |       |       |     3 |     5 ||     8
  Use: Scroll            |     4 |     5 |     7 |    11 |     1 ||    28
       Potion            |       |     5 |     2 |     6 |       ||    13
 Stab: Sleeping          |    12 |    16 |    32 |    20 |     6 ||    86
       Distracted        |       |     1 |     2 |     1 |       ||     4
       Paralysed         |       |       |     1 |    21 |     6 ||    28
       Confused          |       |       |       |     1 |       ||     1
  Eat: Chunk             |       |     4 |     6 |    11 |       ||    21
       Royal jelly       |       |     2 |       |       |       ||     2
       Meat ration       |       |       |     1 |       |       ||     1
       Fruit             |       |       |       |     1 |       ||     1
       Bread ration      |       |       |       |     2 |       ||     2
Armor: Robe              |     8 |    33 |    37 |     5 |       ||    83
       Troll leather arm |       |       |       |   101 |    21 ||   122
Dodge: Dodged            |    28 |   114 |   149 |   225 |    81 ||   597
Block: Buckler           |       |       |     7 |   148 |    21 ||   176
